 Dungeon Crawl Stone Soup version 0.20.1-1-g8b1a95d (webtiles) character file.

62 McKennaii the Conjurer (level 3, -3/26 HPs)
             Began as a Draconian Conjurer on Aug 6, 2017.
             Slain by a phantom (5 damage)
             ... on level 4 of the Dungeon.
             The game lasted 00:04:02 (1636 turns).

McKennaii the Conjurer (Draconian Conjurer)         Turns: 1636, Time: 00:04:03

Health: -3/26      AC:  5    Str: 10    XL:     3   Next: 85%
Magic:  1/6        EV: 12    Int: 21    God:
Gold:   51         SH:  0    Dex: 11    Spells: 5/6 levels left

rFire    . . .     SeeInvis .   (no weapon)
rCold    . . .     Gourm    .   (no shield)
rNeg     . . .     Faith    .   (armour unavailable)
rPois    .         Spirit   .   (helmet restricted)
rElec    .         Reflect  .   (no cloak)
rCorr    .         Harm     .   (no gloves)
MR       .....                  (no boots)
Stlth    ++........             (no amulet)
Regen    0.1/turn               (no ring)
MPRegen  0.1/turn               (no ring)

@: brilliant
A: unfitting armour, cold-blooded, AC +5
a: no special abilities


You were on level 4 of the Dungeon.
You were near starving.

You visited 1 branch of the dungeon, and saw 4 of its levels.

You collected 51 gold pieces.

Inventory:

Scrolls
 c - 3 scrolls of identify {unknown}
 d - a scroll of random uselessness {unknown}
 e - a scroll of enchant weapon {unknown}
 h - 2 scrolls of magic mapping {unknown}
 i - a scroll of remove curse {unknown}
Potions
 f - a potion of brilliance
 g - a potion of curing {unknown}
Books
 a - a book of Conjurations

   Spells                             Type                      Level
   a - Magic Dart                     Conjuration                  1
   b - Searing Ray                    Conjuration                  2
   c - Dazzling Spray                 Conjuration/Hexes            3
   d - Fulminant Prism                Conjuration/Hexes            4
   e - Force Lance                    Conjuration/Translocation    4
   f - Iskenderun's Mystic Blast      Conjuration                  4
Comestibles
 b - 2 bread rations
 j - a meat ration
 l - a royal jelly


   Skills:
 + Level 0.2 Fighting
 + Level 2.1 Dodging
 + Level 2.0 Stealth
 * Level 2.3 Spellcasting
 + Level 5.0 Conjurations


You had 5 spell levels left.
You knew the following spells:

 Your Spells              Type           Power        Failure   Level  Hunger
a - Magic Dart            Conj           ####         1%          1    #......


Dungeon Overview and Level Annotations

Branches:
Dungeon (4/15)
 Temple: D:4-7

Altars:


Innate Abilities, Weirdness & Mutations

Your plain brown scales are hard. (AC +5)
You cannot fit into any form of body armour.
You are cold-blooded and may be slowed by cold attacks.


Message History

The phantom hits you.
* * * LOW HITPOINT WARNING * * *
The phantom blinks!
Casting: Magic Dart
Confirm with . or Enter, or press ? or * to list all spells.
Aiming: Magic Dart
Press: ? - help, Shift-Dir - straight line, f/p - phantom
Aim: a phantom (heavily damaged)
The magic dart hits the phantom.
The phantom is heavily damaged.
Casting: Magic Dart
Confirm with . or Enter, or press ? or * to list all spells.
You don't have enough magic to cast that spell.
Unknown command.
You hit the phantom but do no damage.
The phantom is heavily damaged.
You hit the phantom.
The phantom is heavily damaged.
The phantom hits you.
You die...

## #. #.### #.#.. # #.#.#
################### #..
#.#.###.#................
#...#.#.....#.###########....
#.......###.#@W...<# .
#.............####......+
#.......###.#.# #..#####
###.#.... #.#... #..#
#.#............#..# #
#.###.#.#.......# #.
#.#.#..#....# #.
#.#.#..#..... #+ #.#..# .#.


You could see a phantom.

Vanquished Creatures
  2 adders (D:2)
  A worm (D:2)
  A dart slug (D:2)
  2 leopard geckos
  6 bats
  5 giant cockroaches
  4 goblins
  4 hobgoblins
  2 jackals (D:2)
  2 frilled lizards
  A kobold (D:1)
  3 rats (D:1)
33 creatures vanquished.

Notes
Turn   | Place    | Note
-------+----------+-------------------------------------------
     0 | D:1      | McKennaii the Draconian Conjurer began the quest for the Orb.
     0 | D:1      | Reached XP level 1. HP: 14/14 MP: 3/3
   262 | D:1      | Reached XP level 2. HP: 7/20 MP: 0/5
   809 | D:2      | Reached XP level 3. HP: 26/26 MP: 0/6
  1111 | D:2      | Reached skill level 5 in Conjurations
  1310 | D:2      | You fall through a shaft for 2 floors!
  1310 | D:4      | Noticed a phantom
  1629 | D:4      | HP: 1/26 [phantom (6)]
  1636 | D:4      | Slain by a phantom

Skill      XL: |  1  2  3 |
---------------+----------+-----
Dodging        | 2 |  2.1
Conjurations   | 5 |  5.0
Stealth        | 2 |  2.0
Fighting       | |  0.2
Spellcasting   | |  2.3

Action                   || total
-------------------------++-------
Melee: Unarmed           ||   143
       Tailslap          ||    17
 Cast: Magic Dart        ||    88
  Use: Potion            ||     1
  Eat: Chunk             ||     2
Armor: Skin              ||    52
Dodge: Dodged            ||   106
